 Dungeon Crawl Stone Soup version 0.20-a0-731-gecde0bf (webtiles) character file.

443 Gorglomux the Covert (level 6, -3/30 HPs)
             Began as a Spriggan Assassin on Feb 22, 2017.
             Was a Believer of Kikubaaqudgha.
             Slain by Menkaure (8 damage)
             ... on level 4 of the Dungeon.
             The game lasted 00:07:53 (3503 turns).

Gorglomux the Covert (Spriggan Assassin)            Turns: 3503, Time: 00:07:54

Health: -3/30      AC:  3    Str:  7    XL:     6   Next: 71%
Magic:  0/12       EV: 17    Int: 20    God:    Kikubaaqudgha [**....]
Gold:   305        SH:  0    Dex: 17    Spells: 8/10 levels left

rFire    . . .     SeeInvis +   a - +2 dagger (venom)
rCold    . . .     Gourm    .   c - +0 robe
rNeg     . . .     Faith    .   (shield restricted)
rPois    .         Spirit   +   (helmet restricted)
rElec    .         Reflect  .   d - +0 cloak
rCorr    .         Harm     .   (gloves unavailable)
MR       +....                  (boots unavailable)
Stlth    ++++......             r - amulet of guardian spirit
Regen    0.1/turn               (no ring)
MPRegen  0.2/turn               (no ring)

@: brilliant, flying, very quick
A: unfitting armour, see invisible, herbivore 3, speed 3, high mp 1, slow
metabolism 2, wild magic 1, MP-powered wands
a: Receive Corpses, Renounce Religion


You were on level 4 of the Dungeon.
You worshipped Kikubaaqudgha.
Kikubaaqudgha was pleased with you.
You were hungry.

You visited 1 branch of the dungeon, and saw 4 of its levels.
You also visited: Sewer.

You collected 305 gold pieces.

Inventory:

Hand Weapons
 a - a +2 dagger of venom (weapon)
 b - a +0 blowgun
 v - a +2 dagger
 E - a +0 dagger of venom
Missiles
 e - 8 poisoned needles
 f - 2 curare-tipped needles
Armour
 c - a +0 robe (worn)
 d - a +0 cloak (worn)
 A - a +0 buckler
 K - a +0 troll leather armour {Purgy}
Jewellery
 r - an amulet of guardian spirit (around neck)
 s - an uncursed ring of ice
Scrolls
 u - a scroll of blinking {unknown}
 y - a scroll of fear {unknown}
 z - 2 scrolls of enchant weapon {unknown}
 B - 3 scrolls of teleportation {unknown}
 C - 5 scrolls of remove curse
 D - 2 scrolls of identify {unknown}
 O - a scroll of amnesia {unknown}
Potions
 w - 2 potions of brilliance
 x - a potion of haste {unknown}
 H - a potion of resistance {unknown}
 I - 2 potions of curing
 J - a potion of agility {unknown}
 L - a potion of heal wounds {unknown}
 M - 2 potions of flight
 N - 2 potions of mutation
Books
 F - Kikubaaqudgha's Handbook of Unholy Magic {god gift}
   (Kikubaaqudgha gifted it to you on level 3 of the Dungeon)

   Spells                             Type                      Level
   a - Animate Skeleton               Necromancy                   1
   b - Corpse Rot                     Necromancy                   2
   c - Sublimation of Blood           Necromancy                   2
   d - Vampiric Draining              Necromancy                   3
   e - Control Undead                 Necromancy                   4
Comestibles
 g - 4 bread rations
 t - 2 fruits
 G - a royal jelly


   Skills:
 - Level 1.5 Fighting
 - Level 5.0 Short Blades
 - Level 2.0 Throwing
 - Level 1.5 Dodging
 - Level 9.0 Stealth
 + Level 2.6 Spellcasting
 + Level 2.0 Necromancy


You had 8 spell levels left.
You knew the following spells:

 Your Spells              Type           Power        Failure   Level  Hunger
r - Corpse Rot            Necr           N/A          2%          2    ##.....


Dungeon Overview and Level Annotations

Branches:
Dungeon (4/15)
 Temple: D:4-7

Altars:
Fedhas
Kikubaaqudgha

Shops:
D:4 }

Annotations:
D:4 Menkaure


Innate Abilities, Weirdness & Mutations

You are very small and have problems with some larger weapons.
You are too small for most types of armour.
You have supernaturally acute eyesight. (SInv)
You are a herbivore.
You cover ground extremely quickly.
You need consume almost no food.
You have an increased reservoir of magic. (+10% MP)
Your spells are a little harder to cast, but a little more powerful.
You expend magic power (3 MP) to strengthen your wands.


Message History

Menkaure misses you.
You hit Menkaure but do no damage.
Menkaure is moderately damaged.
Menkaure casts a spell at you. Pain shoots through your body!
* * * LOW HITPOINT WARNING * * *
You hit Menkaure but do no damage.
Menkaure is moderately damaged.
Menkaure completely misses you.
You hit Menkaure.
Menkaure is heavily damaged.
Menkaure misses you.
You hit Menkaure.
Menkaure is severely damaged.
Menkaure closely misses you.
You hit Menkaure.
Menkaure is severely damaged.
Menkaure hits you!
You die...
Kikubaaqudgha rasps: "You have failed me!
Welcome... death!"

#.#PPP..≈≈≈≈≈≈
#.#P#..≈≈≈≈≈≈≈
#.# P.≈≈≈≈≈≈≈≈
#.###.≈≈≈≈...≈
#.....≈≈≈≈._..
#####.≈≈≈≈...≈
#P..≈≈≈≈≈≈≈≈
#PPM.÷≈≈≈≈≈≈
##@P§.≈≈≈≈≈≈
#PPP.§.≈≈≈≈≈
#.P.P.......


#PP.PPPPP#.P ##PPP#P#.PPP P#P#PPPPPPP #P#PP.P#P.PP ############ You could see
Menkaure.

Vanquished Creatures
  Purgy (Sewer)
  An ogre (D:4)
  A hound (D:4)
  An iguana (D:4)
  4 gnolls (D:4)
  7 adders
  A river rat (D:3)
  An adder skeleton (D:4)
  A worm (D:4)
  2 dart slugs
  3 leopard geckos
  3 orcs (D:3)
  8 giant cockroaches
  5 hobgoblins
  8 jackals
  5 quokkas
  3 ball pythons
  14 bats
  3 frilled lizards
  7 goblins
  A jackal skeleton (D:4)
  7 kobolds
  11 rats
98 creatures vanquished.

Notes
Turn   | Place    | Note
-------+----------+-------------------------------------------
     0 | D:1      | Gorglomux the Spriggan Assassin began the quest for the Orb.
     0 | D:1      | Reached XP level 1. HP: 10/10 MP: 2/2
     6 | D:1      | Noticed a black bear
     7 | D:1      | Noticed a hound
     7 | D:1      | Noticed a crocodile
   107 | D:1      | Reached skill level 3 in Short Blades
   262 | D:1      | Reached XP level 2. HP: 14/14 MP: 3/3
   717 | D:2      | Found an ancient bone altar of Kikubaaqudgha.
   720 | D:2      | Reached XP level 3. HP: 18/18 MP: 4/4
   727 | D:2      | Became a worshipper of Kikubaaqudgha
  1076 | D:2      | Reached XP level 4. HP: 19/22 MP: 5/5
  1629 | D:3      | Reached skill level 6 in Stealth
  1753 | D:3      | Reached * piety under Kikubaaqudgha
  1753 | D:3      | Identified Kikubaaqudgha's Handbook of Unholy Magic {god gift} (Kikubaaqudgha gifted it to you on level 3 of the Dungeon)
  1753 | D:3      | Received a gift from Kikubaaqudgha
  1758 | D:3      | Learned a level 2 spell: Corpse Rot
  2130 | D:3      | Reached skill level 7 in Stealth
  2142 | D:3      | Reached XP level 5. HP: 22/25 MP: 6/6
  2149 | D:3      | Found a glowing drain.
  2156 | Sewer    | Entered a sewer
  2168 | Sewer    | Noticed Purgy
  2170 | Sewer    | Killed Purgy
  2170 | Sewer    | Reached skill level 8 in Stealth
  2289 | Sewer    | Reached ** piety under Kikubaaqudgha
  2468 | D:4      | Found Miph's Gadget Emporium.
  2537 | D:4      | Reached skill level 9 in Stealth
  2563 | D:4      | Reached XP level 6. HP: 18/30 MP: 7/7
  2881 | D:4      | Reached skill level 1 in Necromancy
  3480 | D:4      | Found a blossoming altar of Fedhas.
  3480 | D:4      | Noticed Menkaure
  3495 | D:4      | Gained mutation: You have an increased reservoir of magic. (+10% MP) [potion of mutation]
  3495 | D:4      | Gained mutation: You expend magic power (3 MP) to strengthen your wands. [potion of mutation]
  3495 | D:4      | Gained mutation: Your spells are a little harder to cast, but a little more powerful. [potion of mutation]
  3503 | D:4      | Slain by Menkaure

Vault maps used:
D:1:      onia_arrival_zoo_common
D:2:      kiku_gazebo_pond_becter, serial_bayou_lake_a
D:3:      first_bread, portal_sewer_entry_e
D:4:      serial_shops, shop, serial_park_tiny_1, tgw_fedhas, uniq_menkaure
Sewer:    kennysheep_door_sewer

Skill      XL: |  1  2  3  4  5  6 |
---------------+-------------------+-----
Short Blades   | 3 4 5 |  5.0
Stealth        | 7 9 |  9.0
Spellcasting   | 2 |  2.6
Necromancy     | 2 |  2.0
Fighting       | |  1.5
Throwing       | |  2.0
Dodging        | |  1.5

Action                   |  1- 3 |  4- 6 || total
-------------------------+-------+-------++-------
Melee: Dagger            |    98 |   176 ||   274
 Fire: Blowgun           |     1 |     4 ||     5
 Cast: Corpse Rot        |       |     1 ||     1
Invok: Receive Corpses   |       |     1 ||     1
  Use: Potion            |       |     4 ||     4
       Scroll            |       |     1 ||     1
 Stab: Sleeping          |    13 |    15 ||    28
       Distracted        |     1 |     1 ||     2
Armor: Robe              |    10 |    12 ||    22
Dodge: Dodged            |    70 |   114 ||   184
